 Dungeon Crawl Stone Soup version 0.31.0-11-ge490571c62 (webtiles) character file.

Game seed: 5600357441431230150

91 cdecastro the Firebug (level 4, -3/24 HPs)
             Began as a Deep Elf Fire Elementalist on Jan 26, 2024.
             Incinerated by a bombardier beetle (6 damage)
             ... with a burning spray
             ... on level 3 of the Dungeon.
             The game lasted 00:02:40 (2359 turns).

cdecastro the Firebug (Deep Elf Fire Elementalist)  Turns: 2359, Time: 00:02:41

Health: -3/24      AC:  2    Str:  5    XL:     4   Next: 34%
Magic:  11/19      EV: 12    Int: 25    God:
Gold:   66         SH:  0    Dex: 15    Spells: 6/9 levels left

rFire   . . .        g - +6 short sword "Zuen" {freeze, rC+ Int+3}
rCold   + . .        (no shield)
rNeg    . . .        a - +0 robe
rPois   .            (no helmet)
rElec   .            (no cloak)
rCorr   .            (no gloves)
SInv    .            (no boots)
Will    .....        j - amulet of regeneration
Stlth   +            c - ring of magical power
HPRegen 1.04/turn    (no ring)
MPRegen 0.16/turn

%: no passive effects
@: on fire, glowing
A: no striking features
a: no special abilities


You were on level 3 of the Dungeon.
You visited 1 branch of the dungeon, and saw 3 of its levels.

You collected 66 gold pieces.

Inventory:

Hand Weapons
 g - the +6 short sword "Zuen" (weapon) {freeze, rC+ Int+3}
   (You found it on level 2 of the Dungeon)

   Int+3:     It affects your intelligence (+3).
   rC+:       It protects you from cold.
Armour
 a - a +0 robe (worn)
 m - a +2 ring mail of cold resistance
Jewellery
 c - a ring of magical power (left hand)
 j - an amulet of regeneration (around neck)
Scrolls
 d - 2 scrolls of noise {unknown}
 f - 5 scrolls of identify {unknown}
 h - a scroll of amnesia {unknown}
 i - a scroll of silence {unknown}
 k - a scroll of enchant weapon {unknown}
Potions
 b - a potion of magic
 e - a potion of attraction {unknown}
 l - a potion of lignification {unknown}


   Skills:
 - Level 2.4 Dodging
 - Level 2.4 Stealth
 - Level 3.0 Spellcasting
 - Level 1.1 Conjurations
 + Level 5.7 Fire Magic


You had 6 spell levels left.
You knew the following spells:

 Your Spells              Type           Power      Damage    Failure   Level
a - Foxfire               Conj/Fire      80%        2x1d8     2%          1
b - Scorch                Fire           64%        2d7       1%          2

Your spell library contained the following spells:

 Spells                   Type           Power      Damage    Failure   Level
 Inner Flame              Hex/Fire       18%        N/A       10%         3
 Volatile Blastmotes      Fire/Tloc      36%        2d13      10%         3
 Flame Wave               Conj/Fire      20%        2d7       24%         4


Dungeon Overview and Level Annotations

Branches:
Dungeon (3/15)

Altars:
Vehumet


Message History

The bombardier beetle is moderately wounded.
Casting: Foxfire (safe; 3% risk of failure)
Confirm with . or Enter, or press ? or * to list all spells.
You conjure some foxfire!
The liquid fire burns you!
The foxfire hits the bombardier beetle but does no damage.
The bombardier beetle is moderately wounded.
The foxfire hits the bombardier beetle.
The bombardier beetle is severely wounded.
Casting: Foxfire (safe; 3% risk of failure)
Confirm with . or Enter, or press ? or * to list all spells.
Flames lash the bombardier beetle.
The bombardier beetle is severely wounded.
The bombardier beetle's fire resistance burns away.
The liquid fire burns you!
* * * LOW HITPOINT WARNING * * *
The foxfire hits the bombardier beetle.
The bombardier beetle is almost dead.
The bombardier beetle sprays incendiary fluid at you.
The burning spray hits you.
You are even more covered in liquid fire!
The foxfire hits the bombardier beetle.
The bombardier beetle is burned terribly!
You kill the bombardier beetle!
You have reached level 4!
You feel clever.
You are on fire!
Found a stone staircase leading down.
You shake off some of the fire as you move.
The liquid fire burns you!
* * * LOW HITPOINT WARNING * * *
You shake off some of the fire as you move.
The liquid fire burns you!
* * * LOW HITPOINT WARNING * * *
You shake off some of the fire as you move.
The liquid fire burns you!
* * * LOW HITPOINT WARNING * * *
You shake off some of the fire as you move.
The liquid fire burns you!
You die...

.. ..!...#.##
..####.#....>..
.............#
#...........
#....†....#
#.........##
#.†........##
#.<.@........
#############


There were no monsters in sight!

Vanquished Creatures
  A bombardier beetle (D:3)
  2 adders
  2 dart slugs (D:1)
  3 endoplasms
  4 giant cockroaches
  4 goblins
  7 hobgoblins
  A kobold (D:2)
  A quokka (D:1)
  2 ball pythons
  2 bats (D:2)
  2 frilled lizards (D:1)
  2 rats
33 creatures vanquished.

Vanquished Creatures (others)
  116 foxfires
116 creatures vanquished.

Grand Total: 149 creatures vanquished

Notes
Turn   | Place    | Note
-------+----------+-------------------------------------------
     0 | D:1      | cdecastro the Deep Elf Fire Elementalist began the quest
                  | for the Orb.
     0 | D:1      | Reached XP level 1. HP: 10/10 MP: 6/6
   182 | D:1      | Reached skill level 4 in Fire Magic
   182 | D:1      | Reached XP level 2. HP: 15/15 MP: 4/8
   238 | D:1      | Learned a level 2 spell: Scorch
  1170 | D:2      | Identified the +6 short sword "Zuen" {freeze, rC+ Int+3}
  1177 | D:2      | Reached XP level 3. HP: 19/19 MP: 5/9
  1665 | D:2      | Found a radiant altar of Vehumet.
  1679 | D:2      | Reached skill level 5 in Fire Magic
  2356 | D:3      | Reached XP level 4. HP: 13/24 MP: 10/10
  2359 | D:3      | Incinerated by a bombardier beetle

Illustrated notes

Levels and vault maps discovered:
D:1:      shiori_arrival_elements, layout_loops_corners,
          nicolae_kite_square_tiling_tiny, st_stairs_4
D:2:      layout_basic, basic_altar
D:3:      layout_rooms, nicolae_sif_muna_little_library,
          grunt_temple_overflow_lords_of_destruction, uniq_natasha

Skill      XL: |  1  2  3 |
---------------+----------+-----
Fire Magic     | 4 5 |  5.7
Dodging        | |  2.4
Stealth        | |  2.4
Spellcasting   | |  3.0
Conjurations   | |  1.1

Action                     |  1- 3 |  4- 6 || total
---------------------------+-------+-------++-------
   Cast: Foxfire           |    66 |       ||    66
         Scorch            |     3 |       ||     3
 Armour: Robe              |     1 |       ||     1
  Dodge: Dodged            |     1 |       ||     1
